 Dungeon Crawl Stone Soup version 0.31-a0-233-g139696dc86 (webtiles) character file.

Game seed: 2125221362497342422

4344 quinnr the Tainter (level 10, 0/56 HPs)
             Began as a Tengu Venom Mage on July 9, 2023.
             Was a Believer of Vehumet.
             Slain by a wyvern (16 damage)
             ... on level 9 of the Dungeon.
             The game lasted 00:30:26 (12802 turns).

quinnr the Tainter (Tengu Venom Mage)              Turns: 12802, Time: 00:30:26

Health: 0/56       AC:  7    Str: 10    XL:     10   Next: 34%
Magic:  14/17      EV: 15    Int: 19    God:    Vehumet [**....]
Gold:   295        SH:  0    Dex: 14    Spells: 7/17 levels left

rFire   . . .        g - +2 dagger (drain)
rCold   + . .        p - +0 buckler
rNeg    + . .        D - +1 leather armour {rC+}
rPois   .            (helmet restricted)
rElec   .            I - +1 cloak
rCorr   .            t - +0 pair of gloves
SInv    .            (boots unavailable)
Will    .....        d - amulet of faith {!P}
Stlth   +            Z - ring of wizardry
HPRegen 0.29/turn    N - ring of positive energy
MPRegen 0.15/turn

%: faith, wizardry (x1)
@: confused, ambrosia-drunk, flying quickly and evasively, hasted, very quick
A: beak, talons 3, nimble flight
a: Renounce Religion


You were on level 9 of the Dungeon.
You worshipped Vehumet.
Vehumet was pleased with you.
You visited 2 branches of the dungeon, and saw 11 of its levels.

You collected 442 gold pieces.
You spent 147 gold pieces at shops.


Innate Abilities, Weirdness & Mutations

You have a beak for a mouth.
You have claws for feet.
Your magical nature lets you fly swiftly and evasively.


   Skills:
 - Level 4.0 Fighting
 - Level 2.0 Armour
 - Level 5.0 Dodging
 - Level 6.0 Stealth
 - Level 4.0 Shields
 - Level 4.0 Spellcasting
 - Level 5.0 Conjurations
 - Level 0.7 Transmutations
 - Level 5.0 Air Magic
 + Level 9.4 Poison Magic
 + Level 2.5 Evocations


You had 7 spell levels left.
You knew the following spells:

 Your Spells              Type           Power      Damage    Failure   Level
m - Mephitic Cloud        Conj/Pois/Air  28%        N/A       2%          3
o - Olgreb's Toxic Radia  Pois           39%        N/A       2%          4
p - Poisonous Vapours     Pois/Air       62%        N/A       1%          2
z - Sting                 Tmut/Pois      92%        1d7       1%          1

Your spell library contained the following spells:

 Spells                   Type           Power      Damage    Failure   Level
 Volatile Blastmotes      Fire/Tloc      6%         2d10      30%         3
 Magic Dart               Conj           88%        1d7       1%          1
 Shock                    Conj/Air       88%        1d8       1%          1
 Swiftness                Air            22%        N/A       4%          3
 Airstrike                Air            11%        2d(2-18)  13%         4
 Call Imp                 Summ           6%         N/A       16%         2
 Sublimation of Blood     Necr           3%         N/A       16%         2
 Tukima's Dance           Hex            3%         N/A       30%         3
 Petrify                  Tmut/Erth      5%         N/A       63%         4
 Irradiate                Conj/Tmut      7%         3d14      63%         5
 Passage of Golubria      Tloc           3%         N/A       67%         4
 Yara's Violent Unravell  Hex/Tmut       2%         3d3       91%         5

Inventory:

Hand Weapons
 g - a +2 dagger of draining (weapon)
 A - a +1 dagger of venom
Missiles
 r - a silver boomerang
Armour
 a - a +0 robe
 p - a +0 buckler (worn)
 t - a +0 pair of gloves (worn)
 C - a +0 cloak
 D - a +1 leather armour of cold resistance (worn)
 I - a +1 cloak (worn)
Jewellery
 d - an amulet of faith (around neck) {!P}
 n - a ring of positive energy
 E - a +5 ring of evasion
 F - a ring of protection from fire
 J - an amulet of regeneration
 N - a ring of positive energy (right hand)
 Z - a ring of wizardry (left hand)
Wands
 y - a wand of flame (21)
 z - a wand of acid (8)
Scrolls
 c - 5 scrolls of poison
 h - 2 scrolls of vulnerability {unknown}
 i - 3 scrolls of enchant weapon
 j - 3 scrolls of teleportation {@r2}
 k - a scroll of noise {unknown}
 l - a scroll of amnesia {unknown}
 m - a scroll of fear
 o - a scroll of immolation
 s - a scroll of revelation
 G - 2 scrolls of fog {unknown}
Potions
 b - a potion of magic
 e - a potion of attraction
 f - a potion of curing {@q1}
 q - a potion of cancellation
 v - 2 potions of haste {@q3}
 w - a potion of brilliance {unknown}
 x - a potion of invisibility {unknown}
 B - a potion of heal wounds {unknown}
 H - a potion of enlightenment {unknown}
 K - a potion of mutation {unknown}

Dungeon Overview and Level Annotations

Branches:
Dungeon (10/15)            Temple (1/1) D:4
   Lair: D:8-11         Orc: D:9-12

Altars:
Ashenzari
Cheibriados
Fedhas
Gozag
Hepliaklqana
Kikubaaqudgha
Makhleb
Nemelex Xobeh
Okawaru
Qazlal
Ru
Sif Muna
Uskayaw
Vehumet
Wu Jian
Yredelemnul
Zin
The Shining One

Shops:
D:1 ? D:2

* ## ... #.# .. #..#
.... #..# ####.....
#..####@.......
###.....l...#.)#
#.........###
#........##
#........#
..........#
##...........
.....###..##.#......
.....#.... ..#..#...


You could see a wyvern (extremely poisoned).


Message History

The wyvern bites you!
* * * LOW HITPOINT WARNING * * *
Unknown command.
Casting: Sting (safe; 1% risk of failure)
Confirm with . or Enter, or press ? or * to list all spells.
Aiming: Sting (safe; 1% risk of failure)
Press: ? - help, Shift-Dir - straight line, f/p - wyvern
Aim: a wyvern (heavily wounded, extremely poisoned, 76% to hit)
Okay, then.
Unknown command.
Unknown command.
Okay, then.
Unknown command.
You are confused.
You feel invigorated. The wyvern completely misses you.
Unknown command.
Unknown command.
Unknown command.
The wyvern closely misses you.
Unknown command.
Unknown command.
Unknown command.
Unknown command.
The wyvern bites you.
* * * LOW HITPOINT WARNING * * *
Unknown command.
Unknown command.
Unknown command.
The wyvern closely misses you. The wyvern bites you!
You die...

Skill      XL: |  1  2  3  4  5  6  7  8  9 10 |
---------------+-------------------------------+-----
Air Magic      | 1 2 3 4 5 |  5.0
Poison Magic   | 4 6 7 9 |  9.4
Dodging        | 3 4 5 |  5.0
Conjurations   | 2 5 |  5.0
Fighting       | 1 3 4 |  4.0
Shields        | 1 4 |  4.0
Stealth        | 3 6 |  6.0
Spellcasting   | 3 4 |  4.0
Armour         | 1 2 |  2.0
Evocations     | 2 |  2.5
Transmutations | |  0.7

Action                     |  1- 3 |  4- 6 |  7- 9 | 10-12 || total
---------------------------+-------+-------+-------+-------++-------
  Melee: Unarmed           |    15 |       |       |       ||    15
         Kick              |     8 |     6 |    60 |     8 ||    82
         Dagger            |    21 |    31 |   135 |    23 ||   210
         Peck              |     7 |     3 |    31 |     1 ||    42
         Punch             |       |       |     2 |       ||     2
   Cast: Sting             |    54 |    32 |    92 |    28 ||   206
         Poisonous Vapours |    26 |    66 |   108 |    35 ||   235
         Mephitic Cloud    |       |       |    18 |     5 ||    23
         Olgreb's Toxic Ra |       |       |     7 |     6 ||    13
  Evoke: Wand              |       |       |       |     1 ||     1
    Use: Scroll            |     3 |     3 |     5 |     1 ||    12
         Potion            |       |       |       |     3 ||     3
   Stab: Confused          |       |       |     7 |       ||     7
         Sleeping          |       |       |     1 |       ||     1
 Armour: Robe              |     6 |     1 |    19 |       ||    26
         Leather armour    |       |       |       |    10 ||    10
  Dodge: Dodged            |    29 |    35 |   101 |    34 ||   199
  Block: Buckler           |       |       |    14 |    11 ||    25

Levels and vault maps discovered:
D:1:      dpeg_arrival_central, layout_basic,
          hellmonk_ecumenical_altar_leap_of_faith, serial_shops, shop
D:2:      layout_basic, basic_altar, serial_shops, nicolae_shop_tiny_waterfront,
          st_stairs_5
D:3:      layout_rooms, mainiacjoe_overflow_concentric_impassable,
          minmay_goblin_outpost
D:4:      layout_loops_corners, minmay_temple_entry_crystal_x, uniq_eustachio
D:5:      layout_rooms, mainiacjoe_overflow_brackets
D:6:      layout_loops_ring, minmay_misc_feat_columns, minmay_misc_feat_encased,
          uniq_edmund, uniq_blork_the_orc
D:7:      layout_basic, mainiacjoe_overflow_alcove_1,
          nicolae_hepliaklqana_monster_ancestors, serial_corexii_hall,
          chequers_hall_statues_corner_a, corexii_hall_statues_l,
          corexii_hall_statues_u, chequers_hall_statues_wall_a
D:8:      layout_basic, nrook_pool_corridor, chequers_avenue
D:9:      layout_rooms, mainiacjoe_overflow_six_doors_small,
          mainiacjoe_overflow_alcove_4, nicolae_ashenzari_panopticon,
          nrook_campfire, grunt_decor_arrowhead
D:10:     layout_loops_ring, elyvilon_altar_5, dk_xom_monty_hall,
          lair_entry_dummy, uniq_gastronok
Temple:   dshaligram_water_room_temple

Notes
Turn   | Place    | Note
-------+----------+-------------------------------------------
     0 | D:1      | quinnr the Tengu Venom Mage began the quest for the Orb.
     0 | D:1      | Reached XP level 1. HP: 10/10 MP: 4/4
   258 | D:1      | Reached XP level 2. HP: 15/15 MP: 4/6
   261 | D:1      | Learned a level 2 spell: Poisonous Vapours
   836 | D:1      | Reached skill level 1 in Air Magic
   948 | D:1      | Found a faded altar of an unknown god.
   988 | D:1      | Reached XP level 3. HP: 19/19 MP: 5/7
  1009 | D:1      | Found Wageqymo's Magic Scroll Shoppe.
  1014 | D:1      | Bought a scroll of identify for 26 gold pieces
  1200 | D:2      | Reached skill level 4 in Poison Magic
  1349 | D:2      | Found Wuiskoarch's General Store.
  1359 | D:2      | Bought a scroll of teleportation for 30 gold pieces
  1380 | D:2      | Found an ornate altar of the Wu Jian Council.
  2317 | D:3      | Reached skill level 2 in Air Magic
  2515 | D:3      | Reached XP level 4. HP: 24/24 MP: 5/8
  3121 | D:3      | Gained mutation: Your magical nature lets you fly swiftly
                  | and evasively. [Tengu growth]
  3121 | D:3      | Reached XP level 5. HP: 28/28 MP: 0/9
  3367 | D:3      | Found a basalt altar of Yredelemnul.
  3560 | D:3      | Reached skill level 3 in Air Magic
  3560 | D:3      | Reached skill level 5 in Poison Magic
  3798 | D:4      | Noticed Eustachio
  3812 | D:3      | Reached skill level 3 in Dodging
  3970 | D:3      | Killed Eustachio
  3971 | D:3      | Reached skill level 6 in Poison Magic
  3971 | D:3      | Reached XP level 6. HP: 32/32 MP: 1/10
  4204 | D:4      | Learned a level 3 spell: Mephitic Cloud
  5077 | D:4      | Noticed a black bear
  5098 | D:4      | Reached skill level 4 in Dodging
  5098 | D:4      | Reached XP level 7. HP: 37/37 MP: 0/11
  5130 | D:4      | Reached skill level 1 in Conjurations
  5242 | D:4      | Found a staircase to the Ecumenical Temple.
  5280 | Temple   | Entered the Ecumenical Temple
  5365 | Temple   | Became a worshipper of Vehumet
  5524 | D:4      | Reached skill level 1 in Fighting
  5529 | D:4      | Learned a level 4 spell: Olgreb's Toxic Radiance
  5676 | D:4      | Reached skill level 1 in Shields
  5824 | D:1      | Bought 2 scrolls of identify for 52 gold pieces
  5824 | D:1      | Bought a scroll of teleportation for 39 gold pieces
  6010 | D:5      | Entered Level 5 of the Dungeon
  6092 | D:4      | Reached skill level 2 in Conjurations
  6244 | D:5      | Reached skill level 4 in Air Magic
  6467 | D:5      | Reached skill level 3 in Stealth
  6799 | D:5      | Found an opulent altar of Gozag.
  6925 | D:5      | Reached XP level 8. HP: 40/43 MP: 6/13
  7182 | D:5      | Reached skill level 3 in Conjurations
  7191 | D:5      | Reached skill level 2 in Shields
  7191 | D:5      | Reached skill level 3 in Spellcasting
  7474 | D:4      | Found a staircase to the Ecumenical Temple.
  8287 | D:6      | Noticed a yak
  8288 | D:6      | Noticed a yak
  8293 | D:6      | Noticed a yak
  8297 | D:6      | Noticed a yak
  8297 | D:6      | Noticed a yak
  8298 | D:6      | Killed a yak
  8298 | D:6      | Noticed a yak
  8299 | D:6      | Reached skill level 4 in Conjurations
  8299 | D:6      | Reached skill level 5 in Air Magic
  8333 | D:5      | Killed a yak
  8334 | D:5      | Reached skill level 3 in Shields
  8334 | D:5      | Reached skill level 7 in Poison Magic
  8486 | D:5      | Killed a yak
  8487 | D:5      | Reached skill level 5 in Conjurations
  8551 | D:5      | Killed a yak
  8552 | D:5      | Reached skill level 4 in Shields
  8552 | D:5      | Reached XP level 9. HP: 40/47 MP: 6/14
  8627 | D:5      | Reached skill level 8 in Poison Magic
  8765 | D:6      | Noticed Edmund
  8786 | D:6      | Killed Edmund
  8787 | D:6      | Reached skill level 9 in Poison Magic
  8965 | D:6      | Reached * piety under Vehumet
  8965 | D:6      | Offered knowledge of Foxfire by Vehumet.
  9309 | D:6      | Noticed Blork the orc
  9318 | D:6      | Killed Blork the orc
  9319 | D:6      | Reached skill level 2 in Fighting
  9700 | D:7      | Found a hazy altar of Hepliaklqana.
  9888 | D:7      | Reached skill level 4 in Stealth
  9934 | D:7      | Found a shimmering blue altar of Sif Muna.
  9996 | D:8      | Reached skill level 5 in Dodging
 10172 | D:8      | Reached skill level 3 in Fighting
 10290 | D:8      | Reached skill level 5 in Stealth
 10502 | D:8      | Reached ** piety under Vehumet
 10600 | D:8      | Offered knowledge of Shock by Vehumet.
 10610 | D:8      | Reached skill level 6 in Stealth
 11014 | D:7      | Reached skill level 1 in Armour
 11365 | D:7      | Reached XP level 10. HP: 56/56 MP: 0/15
 11530 | D:6      | Reached skill level 2 in Armour
 11634 | D:6      | Reached skill level 4 in Fighting
 11905 | D:6      | Reached skill level 4 in Spellcasting
 12344 | D:9      | Reached skill level 1 in Evocations
 12570 | D:9      | Found a broken altar of Ashenzari.
 12627 | D:9      | Reached skill level 2 in Evocations
 12734 | D:9      | Offered knowledge of Volatile Blastmotes by Vehumet.
 12794 | D:10     | Entered Level 10 of the Dungeon
 12798 | D:9      | HP: 3/56 [wyvern (16)]
 12802 | D:9      | Slain by a wyvern

Vanquished Creatures
  A hornet (D:9)
  6 yaks
  Eustachio (D:3)
  A steam dragon (D:6)
  Edmund (D:6)
  2 black bears
  2 orc warriors
  A sky beast (D:5)
  An ogre (D:5)
  3 centaurs
  2 phantoms
  2 kobold brigands
  Blork the orc (D:6)
  4 bullfrogs
  2 scorpions
  4 killer bees (D:9)
  A howler monkey (D:7)
  3 jellies
  3 gnoll boudas
  5 orc priests
  5 hounds
  2 sleepcaps (D:6)
  6 iguanas
  7 orc wizards
  14 gnolls
  6 adders
  An ufetubus (D:7)
  A worm (D:2)
  6 dart slugs
  27 orcs
  7 endoplasms
  2 giant cockroaches
  9 goblins
  11 hobgoblins
  15 kobolds
  4 quokkas
  A ball python (D:1)
  6 bats
  4 frilled lizards
  5 rats
  A spectral goblin (D:7)
186 creatures vanquished.

Table legend: (Time is in decaauts)
 A = Elapsed time spent in this place.
 B = Non-inter-level travel time spent in this place.
 C = Inter-level travel time spent in this place.
 D = Time resting spent in this place.
 E = Time spent auto-exploring this place.
 F = Levels seen in this place.
 G = Mean time per level.
                   A        B        C        D        E       F      G
               +--------+--------+--------+--------+--------+-----+--------+
         Total |  12347 |  11639 |    708 |   1316 |   8248 |  11 | 1122.5 |
       Dungeon |  12255 |  11562 |    693 |   1316 |   8191 |  10 | 1225.5 |
        Temple |     91 |     76 |     15 |      0 |     56 |   1 |   91.0 |
               +--------+--------+--------+--------+--------+-----+--------+

Top non-repeatable levels by time:
     D:4: 2873 daAuts
     D:3: 1641 daAuts
     D:5: 1583 daAuts
     D:6: 1286 daAuts
     D:1: 1209 daAuts
     D:2: 1182 daAuts
     D:8: 1056 daAuts
     D:7: 861 daAuts
     D:9: 560 daAuts
  Temple: 91 daAuts
    D:10: 1 daAuts

Table legend:
 A = Non-vault XP
 B = Vault XP
 C = Vault XP percentage of total XP
 D = Non-vault monster count
 E = Vault monster count
 F = Vault count percentage of total count
                 A         B        C        D         E       F
            +---------+---------+-------+---------+---------+-------
      Total |    5738 |     468 |   7.5 |     175 |      11 |   5.9
            +---------+---------+-------+---------+---------+-------
        D:1 |      37 |       0 |   0.0 |      21 |       0 |   0.0
        D:2 |      24 |       5 |  17.2 |      12 |       3 |  20.0
        D:3 |     189 |     207 |  52.3 |      24 |       4 |  14.3
        D:4 |     513 |       0 |   0.0 |      27 |       0 |   0.0
        D:5 |    1511 |       0 |   0.0 |      18 |       0 |   0.0
        D:6 |    1389 |     253 |  15.4 |      22 |       2 |   8.3
        D:7 |     345 |       3 |   0.9 |       9 |       2 |  18.2
        D:8 |     829 |       0 |   0.0 |      21 |       0 |   0.0
        D:9 |     901 |       0 |   0.0 |      21 |       0 |   0.0
            +---------+---------+-------+---------+---------+-------

Levels and vault maps discovered:
D:1:      dpeg_arrival_central, layout_basic,
          hellmonk_ecumenical_altar_leap_of_faith, serial_shops, shop
D:2:      layout_basic, basic_altar, serial_shops, nicolae_shop_tiny_waterfront,
          st_stairs_5
D:3:      layout_rooms, mainiacjoe_overflow_concentric_impassable,
          minmay_goblin_outpost
D:4:      layout_loops_corners, minmay_temple_entry_crystal_x, uniq_eustachio
D:5:      layout_rooms, mainiacjoe_overflow_brackets
D:6:      layout_loops_ring, minmay_misc_feat_columns, minmay_misc_feat_encased,
          uniq_edmund, uniq_blork_the_orc
D:7:      layout_basic, mainiacjoe_overflow_alcove_1,
          nicolae_hepliaklqana_monster_ancestors, serial_corexii_hall,
          chequers_hall_statues_corner_a, corexii_hall_statues_l,
          corexii_hall_statues_u, chequers_hall_statues_wall_a
D:8:      layout_basic, nrook_pool_corridor, chequers_avenue
D:9:      layout_rooms, mainiacjoe_overflow_six_doors_small,
          mainiacjoe_overflow_alcove_4, nicolae_ashenzari_panopticon,
          nrook_campfire, grunt_decor_arrowhead
D:10:     layout_loops_ring, elyvilon_altar_5, dk_xom_monty_hall,
          lair_entry_dummy, uniq_gastronok
Temple:   dshaligram_water_room_temple
